 Dungeon Crawl Stone Soup version 0.20.1-1-g8b1a95d (webtiles) character file.

221 Ladykiller69 the Conjurer (level 5, -10/28 HPs)
             Began as a Deep Elf Conjurer on July 11, 2017.
             Killed by divine providence
             ... invoked by an orc priest
              (13 damage)
             ... on level 3 of the Dungeon.
             The game lasted 00:05:23 (2247 turns).

Ladykiller69 the Conjurer (Deep Elf Conjurer)       Turns: 2247, Time: 00:05:23

Health: -10/28     AC:  2    Str:  5    XL:     5   Next: 65%
Magic:  0/14       EV: 13    Int: 21    God:
Gold:   218        SH:  0    Dex: 15    Spells: 0/14 levels left

rFire    . . .     SeeInvis .   (no weapon)
rCold    . . .     Gourm    .   (no shield)
rNeg     . . .     Faith    .   a - +0 robe
rPois    .         Spirit   .   (no helmet)
rElec    .         Reflect  .   (no cloak)
rCorr    .         Harm     .   (no gloves)
MR       .....                  (no boots)
Stlth    ++........             (no amulet)
Regen    0.1/turn               (no ring)
MPRegen  0.2/turn               (no ring)

@: no status effects
A: no striking features
a: no special abilities


You were on level 3 of the Dungeon.
You were not hungry.

You visited 1 branch of the dungeon, and saw 3 of its levels.

You collected 218 gold pieces.

Inventory:

Armour
 a - a +0 robe (worn)
 o - a +0 pair of gloves
 r - a +0 cloak
Jewellery
 j - an uncursed amulet of faith {unknown}
 q - an uncursed ring of positive energy {unknown}
Scrolls
 g - a scroll of identify {unknown}
 i - 5 scrolls of remove curse {unknown}
 k - 3 scrolls of enchant weapon {unknown}
 n - a scroll of enchant armour {unknown}
 p - a scroll of amnesia {unknown}
 s - a scroll of magic mapping {unknown}
 t - a scroll of recharging {unknown}
 u - 2 scrolls of blinking {unknown}
Potions
 e - 2 potions of mutation {unknown}
 f - a potion of berserk rage {unknown}
 l - a potion of agility {unknown}
 m - a potion of haste {unknown}
Books
 b - a book of Conjurations

   Spells                             Type                      Level
   a - Magic Dart                     Conjuration                  1
   b - Searing Ray                    Conjuration                  2
   c - Dazzling Spray                 Conjuration/Hexes            3
   d - Fulminant Prism                Conjuration/Hexes            4
   e - Force Lance                    Conjuration/Translocation    4
   f - Iskenderun's Mystic Blast      Conjuration                  4
 v - a book of Minor Magic

   Spells                             Type                      Level
   a - Magic Dart                     Conjuration                  1
   b - Blink                          Translocation                2
   c - Call Imp                       Summoning                    2
   d - Slow                           Hexes                        2
   e - Conjure Flame                  Conjuration/Fire             3
   f - Mephitic Cloud                 Conjuration/Poison/Air       3
Comestibles
 c - 4 bread rations
 d - 5 chunks of flesh
 h - 3 meat rations


   Skills:
 - Level 3.3 Dodging
 - Level 3.1 Stealth
 + Level 5.0 Spellcasting
 * Level 5.8 Conjurations
 + Level 2.2 Hexes


You couldn't memorise any spells.
You knew the following spells:

 Your Spells              Type           Power        Failure   Level  Hunger
a - Magic Dart            Conj           ####         1%          1    None
b - Dazzling Spray        Conj/Hex       ###...       6%          3    ##.....
c - Iskenderun's Mystic   Conj           ####....     10%         4    ####...
d - Blink                 Tloc           N/A          16%         2    None
e - Fulminant Prism       Conj/Hex       ###.......   21%         4    ####...


Dungeon Overview and Level Annotations

Branches:
Dungeon (3/15)

Altars:
Makhleb


Message History

The orc priest is almost dead.
The orc priest is dazzled.
The orc priest misses you.
Casting: Dazzling Spray
Confirm with . or Enter, or press ? or * to list all spells.
Aiming: Magic Dart
Press: ? - help, Shift-Dir - straight line, f/p - orc priest
Aim: an orc priest, wielding a hand axe and wearing a scale mail (almost dead, blind)
The magic dart hits the orc priest.
The orc priest is almost dead.
The orc priest is no longer blind.
Casting: Magic Dart
Confirm with . or Enter, or press ? or * to list all spells.
Aiming: Magic Dart
Press: ? - help, Shift-Dir - straight line, f/p - orc priest
Aim: an orc priest, wielding a hand axe and wearing a scale mail (almost dead)
The magic dart hits the orc priest.
The orc priest is almost dead.
The orc priest calls down the wrath of Beogh upon you.
Beogh smites you!
You die...

#.#<.#####.## #.##.#
#.# .... #.##.# #.#
)..# #.##.# #.# ...#
#...)# #)# ... #....#
#.# ). #....# #.# !##
#....#####.###..##...
#......@...o.........
#...######.####.##...
#...# #.# # #.### #.#
#.# #.# #.# #.#


You could see an orc priest.

Vanquished Creatures
  A hound (D:2)
  An orc wizard (D:3)
  4 gnolls (D:3)
  5 adders
  2 worms (D:2)
  14 orcs (D:3)
  5 bats
  3 giant cockroaches
  6 goblins
  3 hobgoblins
  4 quokkas
  7 frilled lizards
  6 kobolds
  7 rats
68 creatures vanquished.

Vanquished Creatures (others)
  A fulminant prism (D:3)
1 creature vanquished.

Grand Total: 69 creatures vanquished

Notes
Turn   | Place    | Note
-------+----------+-------------------------------------------
     0 | D:1      | Ladykiller69 the Deep Elf Conjurer began the quest for the Orb.
     0 | D:1      | Reached XP level 1. HP: 10/10 MP: 6/6
   200 | D:1      | You fall through a shaft!
   279 | D:2      | Reached XP level 2. HP: 15/15 MP: 6/8
   372 | D:2      | Reached XP level 3. HP: 11/19 MP: 0/10
   453 | D:1      | Learned a level 3 spell: Dazzling Spray
   918 | D:2      | Reached skill level 5 in Conjurations
   918 | D:2      | Reached XP level 4. HP: 24/24 MP: 8/12
   924 | D:2      | Learned a level 4 spell: Iskenderun's Mystic Blast
  1394 | D:2      | Found a faded altar of an unknown god.
  1461 | D:2      | Found a burning altar of Makhleb.
  1643 | D:3      | Reached skill level 1 in Hexes
  1731 | D:3      | Reached XP level 5. HP: 28/28 MP: 7/13
  1872 | D:3      | Learned a level 2 spell: Blink
  2067 | D:3      | Reached skill level 5 in Spellcasting
  2073 | D:3      | Learned a level 4 spell: Fulminant Prism
  2247 | D:3      | Killed from afar by an orc priest

Skill      XL: |  1  2  3  4  5 |
---------------+----------------+-----
Dodging        | 3 |  3.3
Stealth        | 3 |  3.1
Spellcasting   | 4 5 |  5.0
Conjurations   | 5 |  5.8
Hexes          | 1 2 |  2.2

Action                   |  1- 3 |  4- 6 || total
-------------------------+-------+-------++-------
 Cast: Magic Dart        |    50 |   108 ||   158
       Fulminant Prism   |       |     1 ||     1
       Dazzling Spray    |       |     1 ||     1
  Eat: Chunk             |       |     4 ||     4
Armor: Robe              |     1 |       ||     1
Dodge: Dodged            |     5 |    14 ||    19
